 Dungeon Crawl Stone Soup version 0.14-a0-1330-g3eed206 (webtiles) character file.

348 MackTheKnife the Ducker (level 5, -6/40 HPs)
             Began as a Demigod Wanderer on Dec 6, 2013.
             Mangled by a phantom (9 damage)
             ... on Level 4 of the Dungeon.
             The game lasted 00:08:01 (5022 turns).

MackTheKnife the Ducker (Demigod Wanderer)          Turns: 5022, Time: 00:08:01

HP  -6/40        AC  5     Str 13      XL: 5   Next: 71%
MP  11/11        EV 14     Int 21      God:
Gold 76          SH  0     Dex 17      Spells:  1 memorised,  6 levels left

rFire  + . .     SeeInvis .     q - +2 flail
rCold  + . .     Clarity  .     g - +1 orc leather armour
rNeg   . . .     Conserve .     (no shield)
rPois  +         rCorr    .     j - +0 orc helmet
rElec  +         rRot     .     (no cloak)
SustAb . .       Spirit   .     (no gloves)
rMut   .         Warding  .     (no boots)
Saprov . . .     Stasis   .     (no amulet)
                                e - +2 ring of intelligence
                                l - ring of invisibility

@: slightly resistant to hostile enchantments, unstealthy
A: no striking features
a: Evoke Invisibility


You were on level 4 of the Dungeon.
You were hungry.

You visited 1 branch of the dungeon, and saw 5 of its levels.

You collected 76 gold pieces.


   Skills:
 - Level 1.0 Fighting
 - Level 1.7 Short Blades
 - Level 1.0 Throwing
 - Level 5.1 Dodging
 - Level 1.0 Stealth
 - Level 1.7 Spellcasting
 + Level 2.4 Ice Magic
   Level 1.0 Earth Magic


You had 6 spell levels left.
You knew the following spells:

 Your Spells              Type           Power        Failure   Level  Hunger
z - Freeze                Ice            ##..         8%          1    #......

Inventory:

Hand weapons
 a - a +2,+1 short sword
 q - a +2,+2 flail (weapon)
Armour
 g - a +1 orcish leather armour (worn)
 j - a +0 orcish helmet (worn)
Comestibles
 b - an orange
 d - a cheese
 f - an apple
Scrolls
 n - a scroll of enchant armour {unknown}
 p - a scroll of blinking
Jewellery
 e - a +2 ring of intelligence (right hand)
 l - a ring of invisibility (left hand)
Potions
 c - a potion of speed

▒▒▒· ▒······w············▒
▒· ▒▒▒▒··▒▒·▒▒▒▒▒▒·····▒
▒· ▒··▒▒·▒ ▒·····▒ ▒·
▒··▒▒·▒ ▒·····▒ · ▒·····▒
▒·····▒ ▒▒···▒▒▒ ▒▒···▒▒
▒▒ ▒▒·····▒▒ ▒▒▒▒·▒▒▒▒▒·
▒▒·······▒▒ ▒▒·▒······▒·
▒▒······p@·▒▒▒▒······▒▒·▒·
·'·?·······+········<·····
▒▒·········▒▒▒▒······▒▒·▒·
▒▒·······▒▒ ▒▒·····▒▒·▒·
▒▒▒·····▒▒ ▒·····▒▒·▒▒
▒········▒ ▒▒▒······▒▒
▒·▒▒▒+▒▒·▒▒▒▒▒▒▒▒·▒▒▒▒▒▒▒
▒ ▒····p·····▒ ▒·
▒··▒▒▒▒▒▒··▒ ▒·


You could see a phantom.


Message History

The phantom hits you!
* * * LOW HITPOINT WARNING * * *
You closely miss the phantom.
The phantom is lightly damaged.
The phantom barely misses you. The phantom closely misses you.
You miss the phantom.
The phantom is lightly damaged.
The phantom hits you.
* * * LOW HITPOINT WARNING * * *
You hit the phantom.
The phantom is moderately damaged.
The phantom hits you.
* * * LOW HITPOINT WARNING * * *
The phantom hits you but does no damage.
The phantom blinks!
There is a stone staircase leading down here.
You climb downwards.
A kobold and an ogre come into view.
The ogre shouts!
There is a stone staircase leading up here.
You climb upwards.
Level annotation: exclusion: moth of wrath The phantom hits you.
* * * LOW HITPOINT WARNING * * *
The phantom closely misses you.
There is a stone staircase leading down here.
Drink which item? (? for menu, Esc to quit)
You feel protected.
It was a potion of resistance.
The phantom hits you!
You die...

Action                   |  1- 3 |  4- 6 || total
-------------------------+-------+-------++-------
Melee: Short sword       |   158 |   165 ||   323
       Flail             |       |     6 ||     6
 Cast: Freeze            |       |    19 ||    19
Evoke: Wand              |     5 |       ||     5
  Use: Scroll            |     7 |     6 ||    13
       Potion            |       |     8 ||     8
 Stab: Sleeping          |     2 |     1 ||     3

Vault maps used:
D:1:      dpeg_entry_simpleton_b, minmay_newt_pond
D:2:      vehumet_altar_wand_db, uniq_iyjb
D:4:      first_bread, tgw_trog
D:5:      lemuel_ice_spiral_2, beetle_altar_1, lemuel_coloured_pillars_altar,
          serial_glass, glass_columns_a, glass_columns_a, grunt_ministairs_14,
          uniq_grinder

Notes
Turn   | Place    | Note
--------------------------------------------------------------
     0 | D:1      | MackTheKnife, the Demigod Wanderer, began the quest for the Orb.
     0 | D:1      | Reached XP level 1. HP: 16/16 MP: 4/4
    53 | D:1      | Reached skill level 2 in Dodging
    99 | D:1      | Reached XP level 2. HP: 14/23 MP: 5/5
   688 | D:1      | Reached skill level 3 in Dodging
  1094 | D:2      | Reached XP level 3. HP: 23/28 MP: 8/8
  1360 | D:2      | Found a radiant altar of Vehumet.
  1720 | D:2      | Noticed Ijyb
  1755 | D:2      | Killed Ijyb
  1755 | D:2      | Reached skill level 4 in Dodging
  1755 | D:2      | Reached XP level 4. HP: 11/35 MP: 10/10
  2947 | D:3      | HP: 3/35 [hound (3)]
  2956 | D:3      | HP: 3/35 [hound (2)]
  3255 | D:3      | Reached skill level 5 in Dodging
  3255 | D:3      | Reached XP level 5. HP: 33/40 MP: 11/11
  4098 | D:4      | Reached skill level 1 in Ice Magic
  4268 | D:4      | Noticed a moth of wrath
  4461 | D:4      | Noticed a phantom
  4469 | D:4      | Paralysed by a potion of paralysis for 6 turns
  4661 | D:4      | Reached skill level 2 in Ice Magic
  4979 | D:4      | Noticed a phantom
  5018 | D:5      | Entered Level 5 of the Dungeon
  5018 | D:5      | Noticed an ogre
  5020 | D:4      | HP: 3/40 [phantom (5)]
  5022 | D:4      | Mangled by a phantom

Vanquished Creatures
  A hound (D:3)
  2 orc wizards (D:4)
  Ijyb (D:2)
  An ogre skeleton (D:4)
  5 adders
  3 gnolls (D:3)
  A worm (D:4)
  5 giant geckos
  An ooze (D:2)
  2 orcs (D:4)
  4 goblins
  6 hobgoblins
  11 kobolds
  2 ball pythons
  10 bats
  4 giant cockroaches
  14 giant newts
  A giant newt skeleton (D:4)
  A quokka (D:3)
  5 rats
80 creatures vanquished.

Vanquished Creatures (others)
  2 jackals (D:5)
2 creatures vanquished.

Grand Total: 82 creatures vanquished
